AoeStats
← 文風

Black Forest

509867217Analyzed
4v4 RM · 3d ago on Sep 28, 2026· 28m 7s· 8 players
Game mode
Random Map
Map size
Large (8 player)
Population
200
Speed
Normal
Resources
Standard
Victory
Conquest
Starting age
Dark Age
Ending age
Imperial Age
RankedLock teamsTeams togetherTeam positionsShared explorationLock speedFull tech treeHidden civsTurbo modeCheats
Victory
Defeat
🇩🇰 Vikings · Denmark
1472
+15
🇹🇼 Italians · Taiwan
1468
+15
🇹🇼 Danes · Taiwan
1455
+16
🇰🇷 Mongols · South Korea
1412
+17
🇭🇰 Mongols · Hong Kong SAR China
1464
-18
🇭🇰 Persians · Hong Kong SAR China
1462
-16
🇩🇪 Cumans · Germany
1439
-15
🇭🇰 Goths · Hong Kong SAR China
1415
-14
專業送分員
0:27 Loom
17:53 Feudal Age
18:26 Double-Bit Axe
18:24 Horse Collar
Blade_PEC
1:25 Loom
7:38 Loom
10:28 Feudal Age
11:34 Double-Bit Axe
11:30 Horse Collar
20:23 Castle Age
22:52 Fletching
23:38 Bodkin Arrow
24:00 Padded Archer Armor
24:10 Gold Mining
25:31 Bloodlines
25:59 Leather Archer Armor
27:43 Ballistics
屌炸天
11:21 Feudal Age
16:49 Castle Age
15:03 Double-Bit Axe
15:23 Horse Collar
21:13 Bow Saw
文風
11:27 Feudal Age
15:21 Castle Age
13:29 Double-Bit Axe
13:53 Horse Collar
16:28 Bow Saw
16:39 Heavy Plow
17:12 Loom
20:21 Wheelbarrow
jetty8282-한국인
1:26 Loom
11:31 Feudal Age
15:54 Castle Age
14:30 Double-Bit Axe
16:48 Bow Saw
17:12 Horse Collar
17:41 Stone Mining
18:09 Heavy Plow
23:05 Wheelbarrow
23:25 Gold Mining
25:13 Gold Shaft Mining
26:36 Fletching
29:55 Imperial Age
27:49 Hand Cart
27:57 Bodkin Arrow
28:42 Nomads
ntjc.dk
0:35 Loom
12:52 Feudal Age
18:29 Castle Age
16:56 Horse Collar
17:02 Double-Bit Axe
快樂987
7:42 Loom
11:23 Feudal Age
12:25 Double-Bit Axe
12:21 Horse Collar
15:20 Castle Age
16:11 Bow Saw
17:32 Scale Mail Armor
17:53 Heavy Plow
18:47 Squires
22:44 Chain Mail Armor
24:01 Forging
25:17 Wheelbarrow
快樂 543
0:26 Loom
11:47 Feudal Age
13:26 Double-Bit Axe
15:58 Castle Age
14:16 Horse Collar
18:10 Bow Saw
18:35 Heavy Plow
24:06 Wheelbarrow
23:17 Town Watch
24:01 Fletching
29:18 Imperial Age
27:46 Ballistics
27:44 Murder Holes
27:53 Padded Archer Armor
27:52 Bodkin Arrow
Connection lost

Rejoining the realm…

Still unreachable

The connection could not be restored.

Session expired

The server has moved on; the page needs a fresh start.